 Dungeon Crawl Stone Soup version 0.23-a0-767-gdc19b93d68 (webtiles) character file.

37 Multipenetrator the Shield-Bearer (level 3, -6/29 HPs)
             Began as a Formicid Fighter on Jan 22, 2019.
             Mangled by Natasha (8 damage)
             ... on level 2 of the Dungeon.
             The game lasted 00:03:12 (820 turns).

Multipenetrator the Shield-Bearer (Formicid Fighter) Turns: 820, Time: 00:03:13

Health: -6/29      AC:  6    Str: 26    XL:     3   Next: 62%
Magic:  3/3        EV:  8    Int:  7    God:
Gold:   63         SH: 10    Dex: 10    Spells: 2/2 levels left

rFire    . . .     SeeInvis +   a - +0 war axe
rCold    . . .     Gourm    .   c - +0 shield
rNeg     . . .     Faith    .   b - +0 scale mail
rPois    .         Spirit   .   (helmet unavailable)
rElec    .         Reflect  .   (no cloak)
rCorr    .         Harm     .   (no gloves)
MR       .....                  (no boots)
Stlth    ..........             (no amulet)
HPRegen  0.09/turn              (no ring)
MPRegen  0.08/turn              (no ring)

@: mighty
A: permanent stasis, dig shafts and tunnels, four strong arms, antennae 3
a: Dig, Shaft Self


You were on level 2 of the Dungeon.
You were not hungry.

You visited 1 branch of the dungeon, and saw 2 of its levels.

You collected 63 gold pieces.

Inventory:

Hand Weapons
 a - a +0 war axe (weapon)
Armour
 b - a +0 scale mail (worn)
 c - a +0 shield (worn)
Jewellery
 l - an uncursed ring of protection from cold {unknown}
 m - an uncursed ring of protection from cold {unknown}
 n - an uncursed ring of flight {unknown}
Scrolls
 e - 2 scrolls of remove curse {unknown}
 k - 4 scrolls of teleportation {unknown}
Potions
 h - a potion of mutation {unknown}
 i - a potion of cancellation {unknown}
 j - a potion of brilliance {unknown}
Comestibles
 f - 4 rations
 g - 5 chunks of flesh


   Skills:
 - Level 3.2 Fighting
 - Level 2.0 Axes
 - Level 3.2 Armour
 + Level 5.3 Shields


You had 2 spell levels left.
You didn't know any spells.
Your spell library was empty.

Dungeon Overview and Level Annotations

Branches:
Dungeon (1/15)

Altars:

Annotations:
D:2 Natasha


Innate Abilities, Weirdness & Mutations

You cannot be hasted, slowed, berserked, paralysed or teleported.
You can dig through walls and to a lower floor.
Your four strong arms can wield two-handed weapons with a shield.
You have a pair of large antennae on your head. (SInv)


Message History

You closely miss Natasha. Natasha claws you.
* * * LOW HITPOINT WARNING * * *
Natasha stares at you and mumbles some strange words.
You resist with some effort.
You are too injured to fight recklessly!
You are too injured to fight recklessly!
You completely miss Natasha. Natasha claws you.
* * * LOW HITPOINT WARNING * * *
Unknown command.
You feel very mighty all of a sudden. Natasha claws you.
* * * LOW HITPOINT WARNING * * *
You slash Natasha!
Natasha is almost dead.
Natasha barely misses you. Natasha claws you.
* * * LOW HITPOINT WARNING * * *
You barely miss Natasha.
Natasha is almost dead.
Natasha claws you!
You die...

. .... .. .....
. .#..# .# #
...# .##.# #
#.......
#.##.#..#..#####
#.....)h.......
# #a##.##.# .
#.##†##..#.##.
#....##.......
###........#
#.##.....# #.
#.....# #.
#.....# #.
#.....# #.
#.....#


You could see Natasha.

Vanquished Creatures
  An ooze (D:2)
  2 leopard geckos (D:1)
  4 bats (D:1)
  A giant cockroach (D:2)
  8 goblins
  4 hobgoblins (D:1)
  A ball python (D:1)
  3 frilled lizards (D:1)
  5 rats
29 creatures vanquished.

Notes
Turn   | Place    | Note
-------+----------+-------------------------------------------
     0 | D:1      | Multipenetrator the Formicid Fighter began the quest for
                  | the Orb.
     0 | D:1      | Reached XP level 1. HP: 18/18 MP: 1/1
    80 | D:1      | Reached skill level 4 in Shields
   127 | D:1      | Reached XP level 2. HP: 24/24 MP: 2/2
   360 | D:1      | Reached XP level 3. HP: 21/29 MP: 3/3
   597 | D:1      | Reached skill level 5 in Shields
   791 | D:1      | You fall through a shaft!
   810 | D:2      | Noticed Natasha
   820 | D:2      | Mangled by Natasha

Vault maps used:
D:1:      minmay_arrival_stone_box
D:2:      marbit_many_paths, grunt_qazlal_clouds,
          corexii_item_surrounded_by_moat, minmay_misc_feat_columns,
          uniq_natasha

Skill      XL: |  1  2  3 |
---------------+----------+-----
Shields        | 4 5 |  5.3
Fighting       | |  3.2
Axes           | |  2.0
Armour         | |  3.2

Action                   || total
-------------------------++-------
Melee: War axe           ||   104
  Use: Potion            ||     1
Armor: Scale mail        ||    25
Dodge: Dodged            ||    36
Block: Shield            ||    63

Table legend:
 A = Non-vault XP
 B = Vault XP
 C = Vault XP percentage of total XP
 D = Non-vault monster count
 E = Vault monster count
 F = Vault count percentage of total count
                 A         B        C        D         E       F
            +---------+---------+-------+---------+---------+-------
      Total |      54 |       0 |   0.0 |      29 |       0 |   0.0
            +---------+---------+-------+---------+---------+-------
        D:1 |      42 |       0 |   0.0 |      25 |       0 |   0.0
        D:2 |      12 |       0 |   0.0 |       4 |       0 |   0.0
            +---------+---------+-------+---------+---------+-------
